 Dungeon Crawl Stone Soup version 0.13-a0-1585-g6f4f798 (webtiles) character file.

303 Kae the Chiller (level 5, 0/38 HPs)
             Began as a Draconian Ice Elementalist on June 12, 2013.
             Hit by a dart thrown by an orc (3 damage)
             ... on Level 3 of the Dungeon.
             The game lasted 00:05:24 (2136 turns).

Kae the Chiller (Draconian Ice Elementalist)        Turns: 2136, Time: 00:05:24

HP   0/38        AC  5     Str 11      XL: 5   Next: 34%
MP   1/10        EV 12     Int 16      God:
Gold 122         SH  0     Dex 11      Spells:  2 memorised,  6 levels left

Res.Fire  : . . .   See Invis. : .   i - +3 dwarf short sword
Res.Cold  : . . .   Warding    : .   (armour unavailable)
Life Prot.: . . .   Conserve   : .   (no shield)
Res.Poison: .       Res.Corr.  : .   (helmet restricted)
Res.Elec. : .       Clarity    : .   (no cloak)
Sust.Abil.: . .     Spirit.Shd : .   (no gloves)
Res.Mut.  : .       Stasis     : .   (no boots)
Res.Rott. : .       Flight     : .   (no amulet)
Saprovore : . . .                    (no ring)
                                     (no ring)

@: slightly resistant to hostile enchantments, unstealthy
A: unfitting armour, AC +5
a: no special abilities


You were on level 3 of the Dungeon.
You were hungry.

You visited 1 branch of the dungeon, and saw 3 of its levels.

You collected 102 gold pieces.

Inventory:

Hand weapons
 i - a +3,+3 dwarven short sword (weapon)
Magical devices
 w - a wand of frost (15) {unknown}
Comestibles
 c - a bread ration
 k - 2 rotting chunks of orc flesh
 o - a beef jerky
Scrolls
 e - 2 scrolls of amnesia {unknown}
 g - a scroll of teleportation {unknown}
 h - 4 scrolls of remove curse {unknown}
 j - a scroll of enchant armour {unknown}
 l - 2 scrolls of fog
 p - a scroll of random uselessness {unknown}
 q - 2 scrolls of identify {unknown}
 s - a scroll of noise {unknown}
 u - a scroll of enchant weapon II {unknown}
Potions
 a - a potion of brilliance
 d - a potion of speed {unknown}
 f - a potion of might {unknown}
 n - 2 potions of resistance {unknown}
 r - a potion of agility {unknown}
 v - a potion of poison {unknown}
Books
 b - a book of Frost

   Spells                             Type                      Level
   *Freeze                            Ice                          1
   *Throw Frost                       Conjuration/Ice              2
   Ozocubu's Armour                   Charms/Ice                   3
   Throw Icicle                       Conjuration/Ice              4
   Summon Ice Beast                   Ice/Summoning                4
   Condensation Shield                Ice                          4


   Skills:
 - Level 1.8 Dodging
 - Level 1.7 Stealth
 + Level 2.6 Spellcasting
 * Level 2.6 Conjurations
 * Level 4.6 Ice Magic


You had 6 spell levels left.
You knew the following spells:

 Your Spells              Type           Power        Failure   Level  Hunger
a - Freeze                Ice            ###.         3%          1    #......
b - Throw Frost           Conj/Ice       ##....       10%         2    ##.....


Dungeon Overview and Level Annotations

Branches:
Dungeon (3/27)

Altars:
Yredelemnul

Annotations
D:3 Ijyb


Message History

* * * LOW HITPOINT WARNING * * *
Some of the chunks of flesh in your inventory have completely rotted away.
You hit the orc.
The orc is almost dead.
The orc hits you with an orcish club.
* * * LOW HITPOINT WARNING * * *
Casting: Freeze
Confirm with . or Enter, or press ? or * to list all spells.
Aiming: Freeze
Press: ? - help, Shift-Dir - straight line, f - orc
Aim: an orc, wielding an orcish club (almost dead)
You miscast Freeze.
Nothing appears to happen.
The orc closely misses you.
The orc suddenly grunts.
Ijyb comes into view.
He is wielding a club.
Ijyb shouts!
The orc throws a dart.
The dart hits you!
* * * LOW HITPOINT WARNING * * *
You see here a dart.
The orc throws a dart.
The dart hits you!
You die...

#.#...............# #............
..#...............###............
.................................
#.##.............................
#.##...........#.#....####..#####
#.##...........#.#......##.......
.....##.#....###.#......##.......
..........o.........[....[.......
...#.........###@##.....#........
..##.##......(o..##.#.###...#.###
.............#####.#.###...#....
##.......g... #.#.......#....
##....##....##.........#....
...#. ............#...#.... ..#.
............#...#....
...............#.(.#....
.................#....


You could see Ijyb and 2 orcs.

Vanquished Creatures
  An orc priest (D:3)
  An orc wizard (D:3)
  Jessica (D:2)
  2 adders (D:3)
  A worm (D:3)
  3 giant geckos
  8 orcs (D:3)
  4 bats
  11 goblins
  6 hobgoblins
  8 jackals
  2 ball pythons (D:2)
  6 giant cockroaches
  7 kobolds
  7 rats
68 creatures vanquished.

Notes
Turn   | Place    | Note
--------------------------------------------------------------
     0 | D:1      | Kae, the Draconian Ice Elementalist, began the quest for the Orb.
     0 | D:1      | Reached XP level 1. HP: 14/14 MP: 3/3
   388 | D:1      | Reached XP level 2. HP: 20/20 MP: 4/4
   726 | D:2      | Noticed Jessica
   753 | D:2      | Killed Jessica
   753 | D:2      | Reached XP level 3. HP: 20/26 MP: 0/6
   801 | D:2      | Learned a level 2 spell: Throw Frost
   867 | D:2      | Found a basalt altar of Yredelemnul.
   980 | D:2      | Reached skill level 4 in Ice Magic
  1356 | D:3      | Reached XP level 4. HP: 33/33 MP: 5/8
  1771 | D:3      | Reached XP level 5. HP: 17/38 MP: 1/10
  2131 | D:3      | Noticed Ijyb
  2136 | D:3      | Hit by a dart thrown by an orc

Action                   |  1- 3 |  4- 6 || total
-------------------------+-------+-------++-------
Melee: Unarmed           |    29 |       ||    29
       Short sword       |     4 |    23 ||    27
 Cast: Freeze            |    58 |    61 ||   119
  Use: Potion            |       |     3 ||     3
       Scroll            |       |     2 ||     2
